 Dungeon Crawl Stone Soup version 0.25-a0-576-g50b708a4c4 (webtiles) character file.

Game seed: 1337724312562766735, levelgen mode: deterministic

73 An17 the Sneak (level 4, -1/24 HPs)
             Began as a Vampire Enchanter on Mar 1, 2020.
             Slain by a worm (5 damage)
             ... on level 2 of the Dungeon.
             The game lasted 00:10:28 (1443 turns).

An17 the Sneak (Vampire Enchanter)                  Turns: 1443, Time: 00:10:28

Health: -1/24      AC:  7    Str:  7    XL:     4   Next: 8%
Magic:  1/7        EV: 12    Int: 17    God:
Gold:   97         SH:  0    Dex: 15    Spells: 2/7 levels left

rFire    . . .     SeeInvis +   c - +0 dagger (vamp)
rCold    + + .     Gourm    .   (no shield)
rNeg     + + +     Faith    .   d - +3 leather armour
rPois    ∞         Spirit   .   (no helmet)
rElec    .         Reflect  .   (no cloak)
rCorr    .         Harm     .   f - +0 pair of gloves
MR       .....                  (no boots)
Stlth    ++++++....             (no amulet)
HPRegen  0.00/turn              g - ring of stealth
MPRegen  0.10/turn              k - ring of flight

@: very slightly contaminated, bloodless
A: no food, fangs 3, see invisible, unbreathing
a: Bat Form, Revivify, Evoke Flight


You were on level 2 of the Dungeon.
You were bloodless.

You visited 1 branch of the dungeon, and saw 2 of its levels.

You collected 97 gold pieces.

Inventory:

Hand Weapons
 a - a +1 dagger
 c - a +0 vampiric dagger (weapon)
Armour
 d - a +3 leather armour (worn)
 f - a +0 pair of gloves (worn)
Jewellery
 g - a ring of stealth (left hand)
 i - an uncursed ring of fire
 k - a ring of flight (right hand)
Scrolls
 j - a scroll of teleportation
 l - 2 scrolls of identify
Potions
 b - 2 potions of stabbing {unknown}
 e - a potion of cancellation {unknown}
 h - 2 potions of heal wounds


   Skills:
 + Level 0.3 Fighting
 + Level 1.8 Short Blades
 + Level 0.1 Armour
 + Level 2.5 Dodging
 + Level 5.7 Stealth
 + Level 2.2 Spellcasting
 + Level 5.2 Hexes
 + Level 0.1 Ice Magic


You had 2 spell levels left.
You knew the following spells:

 Your Spells              Type           Power        Failure   Level  Hunger
b - Ensorcelled Hibernat  Hex/Ice        ##....       14%         2    N/A
c - Tukima's Dance        Hex            ###.....     10%         3    N/A

Your spell library contained the following spells:

 Spells                   Type           Power        Failure   Level  Hunger
 Corona                   Hex            ###....      3%          1    N/A
 Confusing Touch          Hex            ###.....     10%         3    N/A
 Dazzling Flash           Conj/Hex       ##....       28%         3    N/A

Dungeon Overview and Level Annotations

Branches:
Dungeon (2/15)

Altars:
Makhleb


Innate Abilities, Weirdness & Mutations

You do not eat.
You do not regenerate when monsters are visible.
You are frail without blood (-20% HP).
You can heal yourself when you bite living creatures.
You are immune to poison.
You have razor-sharp teeth.
You have supernaturally acute eyesight. (SInv)
You can survive without breathing.


Message History

You barely miss the worm.
The worm is heavily wounded.
You hit the worm but do no damage.
The worm is heavily wounded.
The worm barely misses you.
You hit the worm but do no damage. You bite the worm.
The worm is heavily wounded.
You barely miss the worm.
The worm is heavily wounded.
The worm bites you!
* * * LOW HITPOINT WARNING * * *
You hit the worm.
The worm is heavily wounded.
You barely miss the worm.
The worm is heavily wounded.
The worm misses you.
You hit the worm but do no damage.
The worm is heavily wounded.
The worm bites you.
You die...

#..........#..........
+..(.......).........l
#..........###........
#.^........# #........
###........###........
.............+....####
...........###....#
....##............###
....##..........@...#
....)...........w†..#
........#...........+
...)....#..........##
........#..........#
........#..........#
........#....≈.....#
........#...≈...####
........#...≈≈.[#


You could see a worm.

Vanquished Creatures
  2 adders (D:2)
  2 dart slugs (D:1)
  A leopard gecko (D:1)
  3 ball pythons
  5 bats
  3 giant cockroaches
  11 goblins
  6 hobgoblins
  3 jackals (D:1)
  4 frilled lizards
  3 kobolds (D:1)
  3 rats
46 creatures vanquished.

Notes
Turn   | Place    | Note
-------+----------+-------------------------------------------
     0 | D:1      | An17 the Vampire Enchanter began the quest for the Orb.
     0 | D:1      | Reached XP level 1. HP: 13/13 MP: 3/3
    98 | D:1      | Reached skill level 5 in Stealth
    98 | D:1      | Reached XP level 2. HP: 13/19 MP: 1/5
   206 | D:1      | Learned a level 2 spell: Ensorcelled Hibernation
   758 | D:1      | Reached XP level 3. HP: 19/19 MP: 6/6
   763 | D:1      | Learned a level 3 spell: Tukima's Dance
   773 | D:1      | Reached skill level 5 in Hexes
  1256 | D:2      | Reached XP level 4. HP: 12/24 MP: 2/7
  1292 | D:2      | Found a burning altar of Makhleb.
  1292 | D:2      | Noticed a balrug
  1295 | D:2      | Noticed a hellwing
  1295 | D:2      | Noticed a ynoxinul
  1443 | D:2      | Slain by a worm

Levels and vault maps discovered:
D:1:      eino_arrival_tree_alley, layout_basic
D:2:      layout_basic, makhleb_altar_promises_db, okawaru_metal_pillars_3,
          chequers_serial_rivers_micro_c, minmay_quantized

Skill      XL: |  1  2  3 |
---------------+----------+-----
Stealth        | 5 |  5.7
Hexes          | 5 |  5.2
Fighting       | |  0.3
Short Blades   | |  1.8
Armour         | |  0.1
Dodging        | |  2.5
Spellcasting   | |  2.2
Ice Magic      | |  0.1

Action                   |  1- 3 |  4- 6 || total
-------------------------+-------+-------++-------
Melee: Dagger            |   144 |    33 ||   177
       Bite              |     5 |     4 ||     9
 Cast: Corona            |     8 |       ||     8
       Ensorcelled Hiber |    14 |     3 ||    17
 Abil: Exsanguinate      |     1 |       ||     1
  Use: Scroll            |     6 |     1 ||     7
 Stab: Sleeping          |    16 |     3 ||    19
Armor: Robe              |     4 |       ||     4
       Leather armour    |    35 |     7 ||    42
Dodge: Dodged            |    83 |     9 ||    92

Table legend:
 A = Non-vault XP
 B = Vault XP
 C = Vault XP percentage of total XP
 D = Non-vault monster count
 E = Vault monster count
 F = Vault count percentage of total count
                 A         B        C        D         E       F
            +---------+---------+-------+---------+---------+-------
      Total |      85 |      20 |  19.0 |      41 |       5 |  10.9
            +---------+---------+-------+---------+---------+-------
        D:1 |      56 |       0 |   0.0 |      30 |       0 |   0.0
        D:2 |      29 |      20 |  40.8 |      11 |       5 |  31.2
            +---------+---------+-------+---------+---------+-------
